Map: 10000 Feet LE

Players

ShoWTimE

  • Race: Protoss Protoss
  • League: Master
  • Spawn Location: 11:00

LiquidClem (Clem) - Winner!

  • Race: Terran Terran
  • League: Grandmaster
  • Spawn Location: 5:00

VOD

Have the link to the VOD?

Description

Time

  • Played on: Feb. 1, 2026, 4:57 p.m.
  • Length: 12:37
Show
View Real Time Build Order
Export as new Build Order

ShoWTimE Protoss 

Build Orders: 1 Gate Expand, Phoenix Opening, Blink Stalkers 

Get SALT Encoding   

  12  0:00  Probe  
  13  0:12  Probe  
  14  0:17  Pylon  
  14  0:24  Probe  
  14  0:26  Assimilator  
  15  0:34  Probe  
  15  0:41  Gateway  
  15  0:42  Probe  
  17  0:50  Probe  
  18  1:03  Probe  
  19  1:18  Nexus  
  19  1:28  Cybernetics Core  
  19  1:31  Probe  
  20  1:36  Assimilator  
  20  1:43  Probe  
  21  1:47  Pylon  
  21  1:53  Stalker  
  21  1:55  Probe  
  22  2:07  Probe  
  25  2:12  Stargate  
  25  2:20  Probe  
  25  2:21  Warp Gate  
  26  2:25  Adept  
  28  2:30  Probe  
  28  2:32  Probe  
  30  2:42  Probe  
  31  2:45  Shield Battery  
  31  2:49  Probe  
  31  2:54  Probe  
  31  2:55  Phoenix  
  34  3:01  Probe  
  35  3:08  Gateway  
  35  3:09  Probe  
  36  3:13  Probe  
  36  3:17  Blink  
  36  3:18  Twilight Council  
  37  3:21  Probe  
  38  3:28  Gateway  
  38  3:34  Probe  
  38  3:35  Probe  
  40  3:44  Pylon  
  40  3:46  Probe  
  40  3:47  Probe  
  44  3:59  Probe x2  
  44  4:09  Stalker x2  
  48  4:12  Probe  
  48  4:15  Pylon  
  48  4:16  Probe  
  49  4:25  Probe, Stalker  
  52  4:36  Probe  
  51  4:44  Nexus  
  50  4:45  Stalker x2  
  50  4:47  Probe  
  55  4:53  Probe  
  55  4:57  Stalker  
  55  4:59  Probe  
  59  5:03  Pylon  
  59  5:04  Assimilator  
  59  5:05  Probe  
  60  5:07  Charge  
  60  5:11  Probe  
  60  5:13  Forge  
  61  5:16  Pylon  
  61  5:17  Probe  
  62  5:23  Probe  
  63  5:29  Probe  
  63  5:34  Protoss Ground Weapons Level 1  
  64  5:35  Probe  
  64  5:37  Gateway x2  
  64  5:40  Gateway  
  64  5:42  Sentry x3  
  71  5:43  Probe  
  71  5:48  Probe  
  73  6:02  Probe x3  
  73  6:04  Shield Battery  
  74  6:09  Gateway x2, Sentry  
  76  6:11  Stalker  
  76  6:14  Probe x2  
  76  6:16  Probe  
  81  6:24  Stalker  
  83  6:26  Probe x2  
  83  6:28  Probe  
  83  6:30  Robotics Facility  
  86  6:33  Pylon  
  86  6:38  Probe  
  85  6:42  Stalker x2  
  79  6:47  Zealot x4  
  77  7:03  Stalker x2  
  77  7:07  Zealot  
  77  7:08  Zealot x5  
  85  7:13  Protoss Ground Weapons Level 2  
  79  7:21  Immortal  
  75  7:25  Stalker x2  
  75  7:29  Stalker  
  81  7:30  Zealot x5  
  91  7:42  Pylon  
  85  7:45  Zealot x2  
  85  7:50  Zealot x5  
  93  7:55  Zealot  
  81  8:05  Warp Prism  
  81  8:06  Stalker x2  
  81  8:12  Stalker x2  
  87  8:15  Zealot x3  
  87  8:19  Probe  
  96  8:27  Zealot  
  90  8:37  Nexus  
  90  8:38  Observer  
  90  8:39  Probe  
  90  8:40  Zealot x4, Robotics Bay  
  97  8:42  Pylon  
  97  8:47  Probe x2  
  100  8:51  Sentry, Probe  
  100  8:52  Zealot x2  
  107  9:04  Shield Battery  
  107  9:05  Zealot x4  
  115  9:11  Pylon  
  115  9:12  Assimilator  
  115  9:14  Colossus  
  115  9:17  Probe  
  115  9:18  Probe  
  117  9:29  Pylon, Probe  
  124  9:31  Protoss Ground Weapons Level 3  
  124  9:40  Robotics Facility  
  124  9:44  Zealot x4  
  124  9:45  Zealot x2  
  124  9:48  Probe x2  
  124  9:49  Probe  
  125  9:53  Zealot  
  125  9:55  Forge  
  125  9:58  Stalker  
  129  10:09  Stalker x2  
  133  10:19  Zealot x5, Colossus  
  137  10:23  Probe x2  
  137  10:25  Assimilator  
  139  10:32  Extended Thermal Lance  
  145  10:37  Nexus  
  145  10:38  Pylon  
  145  10:40  Probe  
  145  10:41  Probe  
  147  10:48  Warp Prism, Pylon  
  145  10:50  Pylon  
  145  10:59  Zealot x4  
  145  11:01  Colossus  
  155  11:04  Pylon  
  155  11:05  Pylon  
  155  11:07  Probe  
  155  11:08  Probe x2, Pylon  
  158  11:15  Pylon  
  164  11:18  Pylon  
  164  11:20  Photon Cannon  
  164  11:21  Shield Battery  
  164  11:23  Stalker x2  
  168  11:29  Probe x3  
  171  11:33  Stalker x3  
  171  11:37  Probe  
  178  11:43  Colossus  
  184  11:47  Probe x2  
  184  11:48  Probe, Assimilator  
  184  11:49  Probe  
  184  11:50  Probe  
  184  11:51  Assimilator  
  189  11:55  Zealot x5  
  199  12:11  Photon Cannon  
  199  12:12  Pylon  
  180  12:23  Stalker  
  180  12:24  Stalker x3, Zealot x4  
Show
View Real Time Build Order
Export as new Build Order

LiquidClem Terran - Winner!

Build Orders: Reaper Expand 

Get SALT Encoding   

  12  0:00  SCV  
  13  0:12  SCV  
  14  0:16  Supply Depot  
  14  0:24  SCV  
  15  0:38  SCV  
  15  0:39  Barracks  
  15  0:42  Refinery  
  16  0:50  SCV  
  17  1:02  SCV  
  18  1:14  SCV  
  19  1:26  Reaper, Orbital Command  
  20  1:36  Command Center  
  20  1:45  Supply Depot  
  20  1:52  SCV  
  21  1:58  Marine  
  22  2:04  SCV  
  22  2:07  Factory  
  23  2:12  Refinery  
  23  2:16  SCV  
  23  2:19  Barracks Reactor  
  24  2:28  SCV  
  25  2:40  SCV  
  26  2:48  Orbital Command  
  26  2:52  SCV, Starport, Widow Mine  
  26  2:56  Marine x2  
  31  3:04  Supply Depot, SCV  
  32  3:13  SCV  
  32  3:15  Marine x2, Widow Mine  
  32  3:16  SCV  
  38  3:25  SCV  
  39  3:28  SCV, Medivac  
  39  3:30  Barracks  
  42  3:35  Marine  
  42  3:36  Marine, Widow Mine  
  42  3:39  SCV  
  42  3:40  SCV  
  48  3:44  Supply Depot  
  48  3:51  SCV  
  48  3:53  SCV, Marine x2  
  52  3:55  Barracks  
  52  3:59  Factory Tech Lab  
  52  4:02  Starport Tech Lab  
  52  4:03  SCV  
  52  4:05  SCV  
  54  4:11  Marine  
  54  4:12  Engineering Bay  
  54  4:15  Refinery, SCV  
  56  4:17  SCV  
  56  4:19  Marine  
  57  4:27  SCV  
  57  4:29  SCV  
  57  4:31  Factory Reactor, Supply Depot  
  59  4:33  Marine  
  59  4:36  Marine  
  61  4:39  SCV  
  61  4:42  Stimpack  
  61  4:43  SCV  
  61  4:44  Marine  
  61  4:45  Starport Reactor  
  62  4:47  Terran Infantry Weapons Level 1  
  62  4:50  Supply Depot, Refinery, Combat Shield  
  62  4:56  Marine x2  
  62  4:57  Marauder  
  62  4:58  SCV  
  61  5:00  SCV  
  61  5:05  Marauder  
  64  5:08  Supply Depot  
  64  5:10  SCV  
  64  5:12  SCV  
  66  5:15  Marine x2  
  66  5:17  Widow Mine x2  
  66  5:19  Marauder  
  66  5:21  Medivac  
  76  5:23  Medivac  
  78  5:30  Marauder  
  80  5:35  Marine x2  
  80  5:36  Supply Depot  
  80  5:38  Supply Depot  
  80  5:40  Widow Mine  
  84  5:44  Marauder  
  85  5:57  Medivac  
  85  5:58  Widow Mine, Marauder  
  85  5:59  Marine  
  85  6:00  Marine  
  85  6:01  Widow Mine  
  91  6:04  Medivac  
  91  6:07  Marauder  
  91  6:09  Concussive Shells  
  95  6:11  Supply Depot  
  95  6:16  SCV x2  
  95  6:17  Marine  
  95  6:18  Marine  
  99  6:21  Marauder  
  97  6:27  Widow Mine x2  
  101  6:33  Marauder  
  101  6:35  Command Center  
  98  6:41  Marine  
  98  6:42  Marauder  
  98  6:43  Medivac  
  98  6:45  Marine  
  95  6:52  Widow Mine x2, Supply Depot  
  99  6:54  Medivac, Marauder  
  99  7:00  Marine  
  98  7:04  Marine, Marauder  
  98  7:13  Terran Infantry Armor Level 1  
  98  7:14  Barracks  
  96  7:15  Barracks  
  96  7:16  Marauder  
  96  7:17  Widow Mine x2  
  96  7:18  Marine  
  96  7:22  Medivac  
  101  7:24  Marine  
  101  7:25  Supply Depot  
  101  7:26  SCV  
  101  7:27  SCV  
  104  7:34  Marauder  
  103  7:37  Medivac  
  103  7:38  SCV  
  103  7:39  SCV  
  103  7:40  Widow Mine x2  
  103  7:45  Supply Depot, Marine x2  
  103  7:50  SCV  
  103  7:51  Marauder  
  105  7:52  SCV  
  103  8:01  Medivac  
  103  8:02  Marauder  
  103  8:03  SCV  
  94  8:08  Marine, Widow Mine  
  94  8:09  Widow Mine, Marine  
  94  8:10  Barracks Tech Lab  
  94  8:11  Barracks Reactor  
  94  8:12  Marauder  
  99  8:15  Orbital Command  
  99  8:16  SCV x2  
  98  8:21  Liberator  
  98  8:23  Marauder  
  97  8:28  Marine, SCV x2  
  97  8:30  Marauder  
  97  8:31  Marine  
  97  8:34  Marauder  
  105  8:36  Widow Mine x2  
  105  8:39  Liberator  
  105  8:40  SCV x2  
  112  8:42  Refinery, SCV  
  112  8:44  Marauder  
  115  8:49  Marine  
  115  8:50  Marine, Armory  
  115  8:52  Engineering Bay  
  115  8:53  SCV x2  
  115  8:54  Marine, SCV  
  121  8:55  Marine  
  121  9:00  Sensor Tower  
  121  9:02  Supply Depot  
  124  9:03  Marauder  
  124  9:05  SCV x2  
  124  9:06  SCV  
  130  9:11  Supply Depot  
  130  9:12  Marine  
  130  9:15  Marauder x2, Marine  
  136  9:17  Marine  
  136  9:18  Marine  
  136  9:21  Refinery  
  140  9:24  Marauder  
  140  9:25  Ghost Academy  
  140  9:26  Viking  
  140  9:28  Viking  
  139  9:32  Starport  
  139  9:33  SCV  
  139  9:34  SCV x2  
  139  9:37  Marauder x2  
  144  9:39  Marine  
  144  9:40  Marine  
  144  9:45  SCV  
  141  9:46  SCV, Terran Infantry Weapons Level 2  
  141  9:50  Terran Infantry Armor Level 2  
  141  9:51  Marine  
  141  9:52  Marine, SCV  
  145  9:55  Supply Depot  
  145  9:56  Viking  
  147  10:06  Marauder x2  
  151  10:08  Command Center  
  151  10:10  Marine x3  
  151  10:11  Marine x2  
  151  10:13  Viking  
  158  10:15  Viking  
  158  10:17  Viking  
  157  10:21  Supply Depot  
  157  10:22  Terran Ship Weapons Level 1  
  157  10:27  Ghost  
  159  10:31  Supply Depot x2  
  159  10:34  Viking  
  161  10:36  Marine, Marauder  
  161  10:40  Marine x3, Supply Depot  
  161  10:42  Ghost  
  165  10:49  Supply Depot  
  163  10:52  Missile Turret  
  163  10:55  Ghost  
  165  10:59  Barracks x2  
  165  11:02  Barracks, Bunker  
  165  11:07  Missile Turret  
  165  11:09  Missile Turret  
  165  11:13  Ghost  
  167  11:18  Marine x4  
  167  11:19  Ghost, Sensor Tower  
  167  11:22  Viking  
  174  11:27  Viking  
  174  11:29  Marine  
  174  11:30  Viking  
  174  11:31  Viking  
  181  11:36  Marine x4  
  185  11:40  Planetary Fortress  
  185  11:43  Ghost  
  186  11:48  Marauder  
  186  11:50  Missile Turret  
  186  11:52  Barracks Tech Lab  
  186  11:53  Barracks Tech Lab, Barracks Reactor  
  188  11:55  Missile Turret  
  188  11:56  Marauder, Marine x2  
  188  11:57  Marine  
  188  11:59  Marine  
  196  12:09  Marauder  
  196  12:12  Marauder x2  
  196  12:14  Marauder  
Tags
 
Add a new tag
Caveats
  • Supply blocks, unpowered buildings, or Contaminate may cause inaccurate times.
  • Supply counts are checked every 10 seconds.